 Dungeon Crawl Stone Soup version 0.29-a0-838-g385bb11a5b (webtiles) character file.

Game seed: 18318483086373198338

235435 Hubris850 the Impregnable (level 19, -4/160 HPs)
             Began as a Minotaur Hunter on July 7, 2022.
             Was a High Priest of Okawaru.
             Killed from afar by Bai Suzhen (51 damage)
             ... with a torrent of water
             ... on level 3 of the Swamp on July 13, 2022.
             The game lasted 01:45:01 (31048 turns).

Hubris850 the Impregnable (Minotaur Hunter)        Turns: 31048, Time: 01:45:01

Health: -4/160     AC: 29    Str: 14    XL:     19   Next: 25%
Magic:  21/27      EV: 24    Int:  6    God:    Okawaru [*****.]
Gold:   3253       SH:  5    Dex: 33    Spells: 16/18 levels left

rFire   . . .      SeeInvis .   a - +9 arbalest "Axtaduiq" {elec, Dex+7}
rCold   . . .      Faith    .   (shield currently unavailable)
rNeg    + + +      Spirit   .   Z - +0 swamp dragon scales
rPois   +          Reflect  +   V - +2 hat "Tiwni" {Fly rN+++ Will+ Str-3}
rElec   .          Harm     .   e - +2 cloak {rCorr}
rCorr   +          Rampage  .   f - +1 pair of gloves
Will    +++..      NoCast   +   R - +2 pair of boots "Elymp" {-Cast Dex+5}
Stlth   ++++......              k - amulet of reflection
HPRegen 0.36/turn               y - ring of poison resistance
MPRegen 0.20/turn               u - ring of willpower

@: heroic, finesse-ful, flying
A: horns 2, retaliatory headbutt
a: Renounce Religion, Heroism, Finesse, Duel


You were on level 3 of the Swamp.
You worshipped Okawaru.
Okawaru was extremely pleased with you.
You visited 4 branches of the dungeon, and saw 26 of its levels.
You also visited: Gauntlet and Ice Cave.

You collected 3253 gold pieces.

Inventory:

Hand Weapons
 a - the +9 arbalest "Axtaduiq" (weapon) {elec, Dex+7}
   (Okawaru gifted it to you on level 1 of the Lair of Beasts)

   Any ammunition fired from it occasionally discharges a powerful burst of
   electricity upon striking a foe.
   Dex:       It affects your dexterity (+7).
 b - a +3 vorpal great sword
 m - the +8 whip "Snakebite" {venom, curare, rPois}
   (You found it on level 1 of the Lair of Beasts)

   It poisons the flesh of those it strikes.
   It occasionally inflicts asphyxiating poison on those it strikes, dealing
   poison damage and causing slowness.
   rPois:     It protects you from poison.
 T - a +3 triple crossbow of flaming
Missiles
 c - 6 javelins
 t - 3 silver boomerangs
 B - 9 boomerangs
 O - 9 silver javelins
Armour
 e - a +2 cloak of preservation (worn)
 f - a +1 pair of gloves (worn)
 g - a +1 buckler of reflection
 J - the +7 Kryia's mail coat {PotionHeal*2 rC+}
   (Okawaru gifted it to you on level 12 of the Dungeon)

   Potions are twice as effective at healing its wearer.
   rC:        It protects you from cold.
 L - a scarf of shadows
 R - the +2 pair of boots "Elymp" (worn) {-Cast Dex+5}
   (Okawaru gifted it to you in a Gauntlet)

   Dex:       It affects your dexterity (+5).
   -Cast:     It prevents spellcasting.
 S - the +2 cloak of Vanity {rC+}
   (You found it in a Gauntlet)

   rC:        It protects you from cold.
 V - the +2 hat "Tiwni" (worn) {Fly rN+++ Will+ Str-3}
   (You found it in an ice cave)

   Str:       It affects your strength (-3).
   rN:        It renders you almost immune to negative energy.
   Fly:       It grants you flight.
   Will:      It increases your willpower.
 Z - +0 swamp dragon scales (worn)
Jewellery
 i - a ring of positive energy
 k - an amulet of reflection (around neck)
 u - a ring of willpower (right hand)
 y - a ring of poison resistance (left hand)
 K - a +4 ring of protection
 M - an amulet of regeneration
 N - a ring of resist corrosion
 X - an amulet of guardian spirit
 Y - a ring of wizardry
Wands
 h - a wand of flame (31)
 q - a wand of digging (15)
 A - a wand of mindburst (8)
 H - a wand of acid (27)
 U - a wand of iceblast (12)
Scrolls
 d - 4 scrolls of poison
 j - a scroll of amnesia
 l - 3 scrolls of enchant weapon
 o - 4 scrolls of silence
 r - 5 scrolls of fog
 s - a scroll of brand weapon
 w - 4 scrolls of enchant armour
 D - 17 scrolls of identify
 E - 9 scrolls of teleportation
 P - 6 scrolls of fear
 Q - 4 scrolls of blinking
Potions
 p - a potion of magic
 v - a potion of invisibility
 x - 3 potions of brilliance
 z - 3 potions of cancellation
 C - 9 potions of haste
 G - 7 potions of curing
 I - 6 potions of mutation
 W - 4 potions of might


   Skills:
 + Level 11.8(16.8) Fighting
 - Level 17.3(22.3) Long Blades
 - Level 18.0(23.0) Ranged Weapons
 - Level 22.0(27) Armour
 - Level 7.1(12.1) Dodging
 - Level 0.8(5.8) Stealth
 - Level 12.0 Invocations
 - Level 7.0 Evocations


You had 16 spell levels left.
You knew the following spells:

 Your Spells              Type           Power      Damage    Failure   Level
a - Blink                 Tloc           0%         N/A       69%         2

Your spell library contained the following spells:

 Spells                   Type           Power      Damage    Failure   Level
 Slow                     Hex            0%         N/A       54%         1
 Ensorcelled Hibernation  Hex/Ice        0%         N/A       69%         2
 Confusing Touch          Hex            0%         N/A       89%         3
 Conjure Flame            Conj/Fire      0%         6-21      89%         3
 Frozen Ramparts          Ice            0%         1d2       89%         3
 Gell's Gravitas          Tloc           0%         N/A       89%         3
 Ignite Poison            Fire/Tmut/Pois 0%         N/A       89%         3
 Inner Flame              Hex/Fire       0%         N/A       89%         3
 Lesser Beckoning         Tloc           0%         N/A       89%         3
 Ozocubu's Armour         Ice            0%         N/A       89%         3
 Portal Projectile        Hex/Tloc       0%         N/A       89%         3
 Teleport Other           Tloc           0%         N/A       89%         3
 Vampiric Draining        Necr           0%         2d6       89%         3
 Airstrike                Air            0%         0-1+      100%        4
 Cause Fear               Hex            0%         N/A       100%        4
 Hailstorm                Conj/Ice       0%         3d3       100%        4
 Ice Form                 Ice/Tmut       0%         N/A       100%        4
 Leda's Liquefaction      Hex/Erth       0%         N/A       100%        4
 Sticky Flame             Conj/Fire      0%         2d3       100%        4
 Agony                    Necr           0%         N/A       100%        5
 Alistair's Intoxication  Tmut/Pois      0%         N/A       100%        5
 Blade Hands              Tmut           0%         N/A       100%        5
 Borgnjor's Vile Clutch   Necr/Erth      0%         N/A       100%        5
 Freezing Cloud           Conj/Ice/Air   0%         6-21      100%        5
 Lightning Bolt           Conj/Air       0%         1d11      100%        5
 Manifold Assault         Tloc           0%         N/A       100%        5
 Metabolic Englaciation   Hex/Ice        0%         N/A       100%        5
 Yara's Violent Unravell  Hex/Tmut       0%         3d3       100%        5
 Eringya's Noxious Bog    Tmut/Pois      0%         N/A       100%        6
 Enfeeble                 Hex            0%         N/A       100%        7
 Borgnjor's Revivificati  Necr           0%         N/A       100%        8
 Discord                  Hex            0%         N/A       100%        8
 Polar Vortex             Ice            0%         N/A       100%        9
 Call Canine Familiar     Summ           Unusable   N/A       N/A         3
 Tukima's Dance           Hex            Unusable   N/A       N/A         3
 Summon Ice Beast         Ice/Summ       Unusable   N/A       N/A         4
 Summon Lightning Spire   Summ/Air       Unusable   N/A       N/A         4
 Simulacrum               Ice/Necr       Unusable   N/A       N/A         6

Dungeon Overview and Level Annotations

Branches:
Dungeon (15/15)            Temple (0/1) D:7            Lair (6/6) D:11
  Swamp (3/4) Lair:3        Snake (0/4) Lair:3        Slime (0/5) Lair:6
    Orc (2/2) D:9             Elf (0/3) Orc:2        Vaults (0/5) D:14
 Depths (0/4) D:15          IceCv (visited)         Gauntlet (visited)

Altars:
Cheibriados
Dithmenos
Elyvilon
Fedhas
Gozag
Makhleb
Nemelex Xobeh
Okawaru
Qazlal
Sif Muna
Uskayaw
Xom
Zin
The Shining One
Jiyva

Shops:
D:1 (   D:6 :   D:15 :=   Orc:2 =(*[(

Annotations:
Lair:4 3 runed translucent doors, Fiha's ghost, journeyman VSTm
Swamp:3 Bai Suzhen


Innate Abilities, Weirdness & Mutations

You have a pair of horns on your head.
You reflexively headbutt those who attack you in melee.


Message History

You shoot a bolt.
The bolt hits Bai Suzhen but does no damage.
Bai Suzhen is almost dead.
You are engulfed in spectral mist.
Fire: a) +9 arbalest "Axtaduiq" {elec, Dex+7}
Press: ? - help, Q - select action, (/) - cycle Shift-Dir - straight line, f/p - Bai Suzhen
Aim: Bai Suzhen (almost dead, surrounded by thunder, 90% to hit)
You shoot a bolt. The bolt hits Bai Suzhen!
Bai Suzhen is almost dead.
You are engulfed in spectral mist.
The bunyip is engulfed in spectral mist.
The bunyip claws you!! The bunyip misses you. The bunyip claws you.
* * * LOW HITPOINT WARNING * * *
The eight-headed hydra misses you. You furiously retaliate!
You headbutt the eight-headed hydra.
The eight-headed hydra bites you but does no damage.
The eight-headed hydra barely misses you.
The eight-headed hydra bites you but does no damage.
The eight-headed hydra closely misses you.
The eight-headed hydra bites you but does no damage.
The eight-headed hydra barely misses you.
The eight-headed hydra bites you but does no damage.
The spectral fenstrider witch completely misses you.
You furiously retaliate!
You headbutt the spectral fenstrider witch!
The spectral fenstrider witch kicks you but does no damage.
Bai Suzhen closely misses you. Bai Suzhen barely misses you.
Bai Suzhen completely misses you.
You are engulfed in spectral mist.
You block the spectral fenstrider witch's attack. x2
The eight-headed hydra closely misses you. x2
The eight-headed hydra completely misses you.
The eight-headed hydra bites you but does no damage.
The eight-headed hydra closely misses you.
The eight-headed hydra bites you but does no damage.
The eight-headed hydra completely misses you.
The eight-headed hydra bites you but does no damage.
Bai Suzhen breathes water at you. The torrent of water hits you!!!
You die...

≈≈≈≈≈.§○.°♣○§♣≈≈≈
≈≈≈≈≈≈°†.≈..≈≈≈≈≈..♣
≈.♣.≈≈§...≈..≈♣♣ ≈≈ ≈
≈.....≈..≈≈≈≈.≈♣♣≈♣ ..
≈≈≈≈..(.§≈☼≈≈≈.♣..♣≈≈.
≈≈≈.....§≈≈≈≈≈§.§.≈.≈≈
≈≈≈♣♣♣♣...≈≈§°t§§§...♣
♣♣♣ ♣♣♣♣...ZDD§≈≈≈^♣
♣.Zx@§§≈≈..♣
♣≈.≈♣♣♣♣≈≈≈≈≈.♣ ♣
....≈[♣ ♣♣♣♣♣♣♣


You could see Bai Suzhen (clouds, catching breath), a bunyip, an eight-headed
hydra (summoned), a ghost crab, a spectral spriggan air mage (summoned) and a
spectral fenstrider witch (summoned).

Vanquished Creatures
  Nikola (Swamp:2)
  Rupert (D:14)
  A lich (IceCv)
  Frances (D:12)
  2 thorn hunters (Swamp:1)
  An orc warlord (Orc:2)
  A frost giant (D:15)
  Nessos (Orc:2)
  4 eleionomae
  A dire elephant (Lair:3)
  A minotaur (Gauntlet)
  An ettin (Orc:2)
  2 vault guards (D:14)
  2 caustic shrike simulacra (IceCv)
  4 boulder beetles
  A merfolk avatar (Lair:6)
  10 hydras
  An ogre mage (D:15)
  8 centaur warriors
  10 death yaks
  A death knight (D:15)
  6 tengu warriors
  7 two-headed ogres
  2 alligators (Swamp:1)
  Urug (Lair:1)
  An orc high priest (Orc:2)
  The ghost of buhh the Martial Artist, a novice OpTm of Cheibriados (D:13)
  Sonja (Orc:1)
  5 goliath frogs
  2 skeletal warriors (D:15)
  2 spriggan druids
  A sea snake (Lair:6)
  An orb spider (shapeshifter) (D:13)
  7 bog bodies
  A phantasmal warrior (D:15)
  3 swamp dragons
  An obsidian statue (IceCv)
  2 deep elf pyromancers
  A harpy (Lair:6)
  3 necromancers
  2 will-o-the-wisps
  3 orc knights (Orc:2)
  5 orc sorcerers (Orc:2)
  2 slime creatures
  10 ugly things
  12 cyclopes
  2 oklob plants
  A moth of wrath (Swamp:2)
  2 wolf spiders
  7 manticores
  24 elephants
  Maurice (D:12)
  A torpor snail (Gauntlet)
  8 cane toads
  5 black mambas
  Maggie (Lair:1)
  4 gargoyles
  17 freezing wraiths
  An efreet (D:14)
  11 komodo dragons
  3 rime drakes
  2 ice devils (IceCv)
  2 entropy weaver simulacra (IceCv)
  A tengu conjurer (D:14)
  5 anaconda simulacra (IceCv)
  3 meliai (D:14)
  10 trolls
  A bloated husk (Swamp:2)
  4 polar bears
  10 tyrant leeches
  3 wind drakes (Lair:6)
  4 hornets
  A snapping turtle (Lair:6)
  8 dream sheep
  20 blink frogs
  3 centaur simulacra (Gauntlet)
  2 spriggans
  6 water elementals
  3 dire elephant simulacra (IceCv)
  4 wyverns
  A vampire (D:12)
  A wraith (D:10)
  37 yaks
  8 basilisks
  22 humans (D:14)
  2 redback simulacra (D:15)
  2 minotaur simulacra (IceCv)
  24 vampire mosquitoes
  A harpy simulacrum (D:15)
  2 nagas (Lair:3)
  3 acid dragons
  2 wargs
  15 swamp worms
  Duvessa (D:6)
  19 water moccasins
  2 swamp drakes (Swamp:1)
  3 hydra simulacra (IceCv)
  2 meliai simulacra (D:15)
  21 orc warriors
  5 ice beasts
  A sky beast (D:7)
  4 alligator simulacra (IceCv)
  An ogre (Orc:1)
  35 wolves
  7 centaurs
  A boggart (D:14)
  A tengu (shapeshifter) (D:13)
  A phantom (D:6)
  2 kobold brigands
  A gnoll sergeant (D:7)
  3 necrophages
  13 bullfrogs
  2 scorpions (D:7)
  6 wights
  Dowan (D:6)
  3 lindwurm simulacra (IceCv)
  14 killer bees
  7 electric eels
  4 howler monkeys
  A wyvern simulacrum (Gauntlet)
  8 hounds
  9 jellies
  15 orc priests
  3 gnoll boudas
  21 orc wizards
  4 iguanas
  18 gnolls
  11 adders
  6 white imps
  2 ufetubi
  4 worms
  3 dart slugs
  45 orcs
  8 ball pythons
  19 endoplasms
  5 giant cockroaches
  7 goblins
  3 hobgoblins
  3 jackals (D:3)
  13 kobolds
  A quokka (D:3)
  7 bats
  6 frilled lizards
  4 rats
823 creatures vanquished.

Vanquished Creatures (others)
  An angel (D:4)
  A wizard (D:14)
  An ugly thing (D:15)
  A vampire mosquito (Swamp:1)
  4 foxfires
  99 fungi
  108 plants
  22 withered plants (Gauntlet)
237 creatures vanquished.

Grand Total: 1060 creatures vanquished

Notes
Turn   | Place    | Note
-------+----------+-------------------------------------------
     0 | D:1      | Hubris850 the Minotaur Hunter began the quest for the Orb.
     0 | D:1      | Reached XP level 1. HP: 18/18 MP: 0/0
   164 | D:1      | Reached XP level 2. HP: 21/25 MP: 1/1
   397 | D:1      | Found Cosch's Weapon Boutique.
   530 | D:2      | Found a faded altar of an unknown god.
   562 | D:2      | Reached XP level 3. HP: 31/31 MP: 2/2
   743 | D:2      | Identified the +9 sling "Gacios" {speed, rC+ MP+9 Dex+4}
   832 | D:2      | Reached skill level 5 in Ranged Weapons
   996 | D:2      | Reached XP level 4. HP: 38/38 MP: 3/3
  2023 | D:3      | Reached XP level 5. HP: 45/45 MP: 4/4
  2332 | D:4      | Noticed an angel
  2333 | D:4      | Found a glowing silver altar of Zin.
  2335 | D:4      | Found a shimmering altar of Xom.
  2469 | D:4      | Killed an angel
  2726 | D:4      | Reached XP level 6. HP: 51/51 MP: 5/5
  3322 | D:5      | Entered Level 5 of the Dungeon
  3338 | D:5      | Found an iron altar of Okawaru.
  3376 | D:5      | Became a worshipper of Warmaster Okawaru
  3546 | D:5      | Reached skill level 1 in Armour
  3568 | D:5      | Found a shimmering blue altar of Sif Muna.
  3618 | D:5      | Found a large runed translucent door.
  3618 | D:5      | Found a large runed translucent door.
  3631 | D:5      | Found an opulent altar of Gozag.
  3641 | D:5      | Reached skill level 2 in Armour
  3643 | D:5      | Found a shadowy altar of Dithmenos.
  4118 | D:6      | Noticed an ice beast
  4131 | D:6      | Killed an ice beast
  4131 | D:6      | Reached * piety under Okawaru
  4132 | D:6      | Reached skill level 3 in Armour
  4132 | D:6      | Reached XP level 7. HP: 57/57 MP: 6/6
  4190 | D:6      | Reached skill level 4 in Armour
  4198 | D:6      | Found Zigidd's Book Shoppe.
  4237 | D:6      | Noticed Dowan
  4238 | D:6      | Noticed Duvessa
  4240 | D:6      | Killed Dowan
  4257 | D:6      | Killed Duvessa
  4258 | D:6      | Reached skill level 5 in Armour
  4771 | D:6      | Found a burning altar of Makhleb.
  4784 | D:6      | Found a blossoming altar of Fedhas.
  4867 | D:7      | Reached XP level 8. HP: 57/63 MP: 7/7
  4879 | D:7      | Reached ** piety under Okawaru
  4880 | D:7      | Reached skill level 6 in Armour
  5032 | D:7      | Reached skill level 10 in Ranged Weapons
  5192 | D:7      | Found a staircase to the Ecumenical Temple.
  5233 | D:7      | Noticed a manticore
  5236 | D:7      | Noticed a two-headed ogre
  5250 | D:7      | Killed a manticore
  5250 | D:7      | Reached *** piety under Okawaru
  5256 | D:7      | Killed a two-headed ogre
  5257 | D:7      | Reached XP level 9. HP: 54/69 MP: 8/8
  5317 | D:7      | Reached **** piety under Okawaru
  5689 | D:7      | Noticed a cyan ugly thing
  5701 | D:7      | Killed a cyan ugly thing
  5701 | D:7      | Received a gift from Okawaru
  5923 | D:7      | Found a stormy altar of Qazlal.
  6070 | D:7      | Reached skill level 1 in Long Blades
  6070 | D:7      | Reached skill level 1 in Invocations
  6070 | D:7      | Reached skill level 1 in Evocations
  6252 | D:8      | Reached XP level 10. HP: 71/77 MP: 10/10
  6452 | D:8      | Reached ***** piety under Okawaru
  6718 | D:8      | Noticed an oklob plant
  7042 | D:8      | Killed an oklob plant
  7043 | D:8      | Reached skill level 5 in Long Blades
  7363 | D:9      | Found a white marble altar of Elyvilon.
  7430 | D:9      | Reached skill level 5 in Invocations
  7441 | D:9      | Found a staircase to the Orcish Mines.
  7527 | D:9      | Reached skill level 5 in Evocations
  7563 | D:9      | Found a sparkling altar of Nemelex Xobeh.
  7622 | D:9      | Identified the +3 helmet of Virtue {rF+ Will++}
  7662 | D:9      | Reached ****** piety under Okawaru
  7667 | D:9      | Reached XP level 11. HP: 66/82 MP: 14/14
  7745 | D:9      | Received a gift from Okawaru
  7763 | D:9      | Found a snail-covered altar of Cheibriados.
  7920 | D:9      | Learned a level 2 spell: Blink
  8200 | D:10     | Entered Level 10 of the Dungeon
  8311 | D:10     | Noticed a deep elf pyromancer
  8317 | D:10     | Killed a deep elf pyromancer
  9091 | D:11     | Noticed a white ugly thing
  9113 | D:11     | Killed a white ugly thing
  9319 | D:11     | Found a staircase to the Lair.
  9336 | Lair:1   | Entered Level 1 of the Lair of Beasts
  9389 | Lair:1   | Noticed Maggie
  9400 | Lair:1   | Killed Maggie
  9400 | Lair:1   | Identified the +9 arbalest "Axtaduiq" {elec, Dex+7}
                  | (Okawaru gifted it to you on level 1 of the Lair of Beasts)
  9400 | Lair:1   | Received a gift from Okawaru
  9598 | Lair:1   | Noticed Urug
  9613 | Lair:1   | Killed Urug
  9877 | Lair:1   | Reached skill level 10 in Long Blades
 10109 | Lair:1   | Reached XP level 12. HP: 87/89 MP: 16/16
 10141 | Lair:1   | Identified the +1 robe of Orudgh {rElec rN+ Str-3 Archmagi}
                  | (Okawaru gifted it to you on level 1 of the Lair of Beasts)
 10141 | Lair:1   | Received a gift from Okawaru
 10163 | Lair:1   | Found the +8 whip "Snakebite" {venom, curare, rPois}
 10575 | Lair:2   | Reached skill level 15 in Ranged Weapons
 10901 | Lair:3   | Found a staircase to the Swamp.
 10901 | Lair:3   | Noticed a death yak
 10902 | Lair:3   | Noticed a death yak
 10908 | Lair:3   | Noticed a death yak
 10914 | Lair:2   | Killed a death yak
 11959 | Lair:3   | You fall into a shaft and drop 3 floors!
 11959 | Lair:6   | Entered Level 6 of the Lair of Beasts
 11981 | Lair:6   | Noticed a seven-headed hydra
 11984 | Lair:6   | Killed a seven-headed hydra
 11988 | Lair:6   | Noticed an eight-headed hydra
 11994 | Lair:6   | Killed an eight-headed hydra
 12110 | Lair:6   | Reached skill level 7 in Armour
 12120 | Lair:6   | Noticed an eight-headed hydra
 12132 | Lair:6   | Reached XP level 13. HP: 88/99 MP: 17/17
 12188 | Lair:6   | Reached skill level 5 in Dodging
 12193 | Lair:6   | Reached skill level 5 in Fighting
 12207 | Lair:6   | Received a gift from Okawaru
 12302 | Lair:6   | Found a gate leading to a gauntlet.
 12311 | Gauntlet | Entered a Gauntlet
 12311 | Gauntlet | Found a transporter.
 12311 | Gauntlet | Found a transporter.
 12311 | Gauntlet | Found a transporter.
 12507 | Gauntlet | Found a transporter.
 12510 | Gauntlet | Found a transporter.
 12511 | Gauntlet | Found a transporter.
 12523 | Gauntlet | Found a transporter.
 12525 | Gauntlet | Found a transporter.
 12526 | Gauntlet | Found a transporter.
 12528 | Gauntlet | Found a large runed translucent door.
 12528 | Gauntlet | Found a transporter.
 12529 | Gauntlet | Found a large runed translucent door.
 12530 | Gauntlet | Found a large runed translucent door.
 12530 | Gauntlet | Found a large runed translucent door.
 12530 | Gauntlet | Found a runed translucent door.
 12531 | Gauntlet | Found a large runed translucent door.
 12531 | Gauntlet | Found a runed translucent door.
 12532 | Gauntlet | Found a large runed translucent door.
 12532 | Gauntlet | Found a large runed translucent door.
 12532 | Gauntlet | Found a large runed translucent door.
 12532 | Gauntlet | Found a large runed translucent door.
 12532 | Gauntlet | Found a large runed translucent door.
 12533 | Gauntlet | Found a large runed translucent door.
 12533 | Gauntlet | Found a large runed translucent door.
 12533 | Gauntlet | Found a large runed translucent door.
 12533 | Gauntlet | Found a large runed translucent door.
 12534 | Gauntlet | Found a large runed translucent door.
 12534 | Gauntlet | Found a large runed translucent door.
 12539 | Gauntlet | Found a runed translucent gate.
 12539 | Gauntlet | Found a runed translucent gate.
 12539 | Gauntlet | Found a runed translucent gate.
 12541 | Gauntlet | Found a transporter.
 12543 | Gauntlet | Found a transporter.
 12838 | Gauntlet | Identified the +7 glaive "Newtslayer" {holy, Will- rCorr
                  | Str+9 Stlth-}
 12970 | Gauntlet | Identified the +2 pair of boots "Elymp" {-Cast Dex+5}
                  | (Okawaru gifted it to you in a Gauntlet)
 12970 | Gauntlet | Received a gift from Okawaru
 13027 | Gauntlet | Identified the +2 cloak of Vanity {rC+}
 13186 | Gauntlet | Identified the +7 trident of Destruction {spect, *Noise
                  | +Blink rElec Str+3}
 13186 | Gauntlet | Noticed a minotaur
 13192 | Gauntlet | Killed a minotaur
 13461 | Gauntlet | Identified the +1 robe "Homosch" {Dex+4}
 13700 | Lair:5   | Reached skill level 8 in Armour
 13765 | Lair:4   | Found a runed translucent gate.
 13765 | Lair:4   | Found a runed translucent gate.
 13765 | Lair:4   | Found a runed translucent gate.
 13770 | Lair:4   | Noticed a minotaur
 14118 | Lair:3   | Found a staircase to the Snake Pit.
 14256 | Lair:3   | Noticed a dire elephant
 14263 | Lair:3   | Killed a dire elephant
 14735 | Lair:3   | Received a gift from Okawaru
 15390 | Lair:4   | Noticed Fiha's ghost (journeyman VSTm)
 15793 | Lair:4   | Reached XP level 14. HP: 110/110 MP: 18/18
 16287 | Lair:5   | Reached skill level 15 in Long Blades
 16984 | Lair:6   | Found a viscous altar of Jiyva.
 16986 | Lair:6   | Found a staircase to the Slime Pits.
 17394 | Lair:6   | Received a gift from Okawaru
 18119 | Lair:6   | Received a gift from Okawaru
 18292 | Lair:6   | Upgraded the game from 0.29-a0-821-g66395355a5 to
                  | 0.29-a0-830-gcb1280458a
 18396 | Swamp:1  | Entered Level 1 of the Swamp
 18396 | Swamp:1  | Identified a scroll of acquirement
 19049 | D:12     | Noticed Maurice
 19054 | D:12     | Killed Maurice
 19076 | D:12     | Noticed Frances
 19087 | D:12     | Killed Frances
 19670 | D:12     | Received a gift from Okawaru
 19670 | D:12     | Found the +7 Kryia's mail coat {PotionHeal*2 rC+}
 20581 | D:13     | Reached skill level 9 in Armour
 20834 | D:13     | Found a runed translucent door.
 20834 | D:13     | Noticed buhh's ghost (novice OpTm)
 20845 | D:13     | Killed buhh's ghost
 20912 | D:13     | Acquired a +3 triple crossbow of flaming
 21010 | D:13     | Reached XP level 15. HP: 33/118 MP: 20/20
 21017 | D:13     | Reached skill level 10 in Armour
 21017 | D:13     | Reached XP level 16. HP: 27/126 MP: 21/21
 21018 | D:13     | Reached skill level 11 in Armour
 21018 | D:13     | Reached skill level 10 in Invocations
 21018 | D:13     | Reached XP level 17. HP: 28/132 MP: 21/23
 21019 | D:13     | Reached skill level 13 in Armour
 21019 | D:13     | Reached XP level 18. HP: 30/139 MP: 21/24
 21695 | Swamp:1  | Reached skill level 14 in Armour
 21807 | Lair:3   | Acquired a manual of Armour
 22017 | D:14     | Noticed Rupert
 22029 | D:14     | Killed Rupert
 22302 | D:14     | Found a shimmering blue altar of Sif Muna.
 22431 | D:14     | Reached skill level 15 in Armour
 22503 | D:14     | Reached skill level 16 in Armour
 23210 | D:14     | Reached skill level 17 in Armour
 23509 | D:14     | Reached skill level 18 in Armour
 23630 | D:14     | Found a gate to the Vaults.
 23769 | D:14     | Found a shimmering altar of Xom.
 23769 | D:14     | Found a glowing golden altar of the Shining One.
 23771 | D:14     | Found a hide-covered altar of Uskayaw.
 23771 | D:14     | Found a hide-covered altar of Uskayaw.
 23771 | D:14     | Found a shimmering altar of Xom.
 23983 | D:15     | Entered Level 15 of the Dungeon
 24149 | D:15     | Acquired 659 gold pieces
 24194 | D:15     | Received a gift from Okawaru
 24195 | D:15     | Reached skill level 19 in Armour
 24227 | D:15     | Found a frozen archway.
 24231 | IceCv    | Entered an ice cave
 24556 | IceCv    | Reached skill level 20 in Armour
 24597 | IceCv    | Identified the +2 hat "Tiwni" {Fly rN+++ Will+ Str-3}
 24627 | IceCv    | Found an ancient bone altar of Kikubaaqudgha.
 24689 | IceCv    | Reached skill level 21 in Armour
 24904 | IceCv    | Got Bed Pua's Vademecum on the Blizzard
 24978 | IceCv    | Noticed a lich
 25000 | IceCv    | Killed a lich
 25171 | IceCv    | Got the Almanac of the Sepulchral Glacier
 25821 | D:14     | Upgraded the game from 0.29-a0-830-gcb1280458a to
                  | 0.29-a0-834-g1e95ca9f62
 25896 | D:15     | Found Myessuh's Jewellery Shoppe.
 26048 | D:15     | Reached skill level 22 in Armour
 26207 | D:15     | Identified the +5 falchion of Jogh {antimagic, Will+ Str+3}
 26321 | D:15     | Found a staircase to the Depths.
 26328 | D:15     | Received a gift from Okawaru
 26613 | D:15     | Found Vocuwuv's Tremendous Tomes.
 26976 | Orc:1    | Entered Level 1 of the Orcish Mines
 26991 | Orc:1    | Noticed Sonja
 26997 | Orc:1    | Killed Sonja
 27361 | Orc:2    | Entered Level 2 of the Orcish Mines
 27369 | Orc:2    | Noticed Nessos
 27373 | Orc:2    | Killed Nessos
 27423 | Orc:2    | Found a staircase to the Elven Halls.
 28032 | Orc:2    | Found Yptemod's Antique Weapon Shop.
 28036 | Orc:2    | Found Riet Nir's Antique Armour Shop.
 28217 | Orc:2    | Found Wizuhyudom's Weapon Shoppe.
 28245 | Orc:2    | Found Bahec's General Store.
 28261 | Orc:2    | Found Paddiapt's Jewellery Shop.
 28705 | Swamp:1  | Reached XP level 19. HP: 86/154 MP: 26/26
 28727 | Swamp:1  | Found a shimmering altar of Xom.
 29054 | Swamp:1  | Reached skill level 10 in Fighting
 29837 | Swamp:2  | Noticed Nikola
 29844 | Swamp:2  | Killed Nikola
 29956 | Swamp:2  | Upgraded the game from 0.29-a0-834-g1e95ca9f62 to
                  | 0.29-a0-838-g385bb11a5b
 30870 | Swamp:3  | Noticed Bai Suzhen
 31048 | Swamp:3  | Killed from afar by Bai Suzhen

Illustrated notes

Levels and vault maps discovered:
D:1:      eino_arrival_cavern_d, layout_basic, serial_shops,
          nicolae_shop_temple_entry_statues_fountains
D:2:      layout_basic, hellmonk_ecumenical_altar_arch_garden
D:3:      layout_loops_corners
D:4:      layout_basic, grunt_temple_overflow_order_and_chaos_1,
          dreamdust_gnoll_farm
D:5:      layout_basic, marbit_many_paths, jmf_multi_god_temple2,
          overflow_temple_1_default, minmay_hedge_maze, palyth_stone_intersect,
          minmay_tree_intersection, minmay_misc_feat_nine_boxes,
          dk_noncrumbling_2
D:6:      layout_rooms, kennysheep_mini, mainiacjoe_overflow_small_starburst,
          serial_shops, kennysheep_little_box, st_stairs_3,
          hangedman_decor_growths, corexii_item_surrounded_by_moat,
          minmay_stone_trees_small, nicolae_underground_beach, uniq_duvessa
D:7:      minmay_the_grid_octo_triangle [minmay_the_grid_octo_chip,
          minmay_the_grid_octo_prize_ultimate_mussel_roller,
          minmay_the_grid_octo_focus], layout_cave_pods,
          mainiacjoe_overflow_alcove_1, minmay_temple_entry_trees
D:8:      lemuel_slime, layout_rooms, minmay_misc_feat_five
D:9:      layout_loops_cross, mainiacjoe_overflow_brackets,
          nemelex_xobeh_ov_fountains_minmay, kennysheep_slug_shrine
D:10:     layout_layer_cave
D:11:     layout_rooms, erik_lair_island, nrook_campfire
D:12:     hangedman_cross_stitches, layout_loops_corners, uniq_maurice,
          uniq_frances
D:13:     minmay_razor_zed, layout_cave_pools, gammafunk_ghost_grave,
          kennysheep_nondescript, lemuel_old_faithful
D:14:     layout_layer_cave, grunt_vaults_entry_tiered, doesnt_xom_only_xom,
          hangedman_abyss_or_decor_slice, minmay_shattered_shrine, uniq_rupert
D:15:     grunt_enter_depths_snipers, layout_basic, serial_ice, serial_ice_i,
          serial_ice_a, serial_ice_n, serial_ice_f, serial_ice_m, serial_ice_h,
          portal_ice_cave_entry_pillars_four, serial_shops, shop,
          hangedman_decor_clover_reticule, nicolae_shop_i_like_big_books,
          feat_on_display
Lair:1:   minmay_guarded_unrand_snakebite, layout_chaotic_city,
          dreamdust_gnoll_shepherd, uniq_maggie, uniq_urug
Lair:2:   layout_cave_shapes
Lair:3:   mu_elephants_graveyard, layout_cave_pods, swamp_mist,
          guppyfry_snake_entry_island, disabler_island
Lair:4:   layout_small_grid, maelrawn_ghost_gauntlet_escape,
          chequers_serial_rivers_room_b
Lair:5:   layout_roguey, fungi_pond_lemuel, lemuel_fruit_fields,
          grunt_megastairs_3
Lair:6:   gammafunk_lair_ancient_temple, layout_cave_pods,
          minmay_slime_entry_pillars, gauntlet_entry_generic,
          infiniplex_staircase_pool_2
Swamp:1:  layout_basic_swamp, basic_altar, swamp_pool1, nicolae_swamp_no_escape
Swamp:2:  layout_basic_swamp, evilmike_swamp_ruin_house_2, worms_lemuel,
          uniq_nikola
Swamp:3:  layout_basic_swamp, nicolae_swamp_tree_isthmus, swamp_pool1,
          infiniplex_staircase_pool, uniq_bai_suzhen, uniq_mlioglotl, uniq_kirke
Orc:1:    layout_diamond_mine, mines2_david, uniq_sonja
Orc:2:    grunt_orc_cross, layout_caves, serial_shops, shop_statue, uniq_nessos

Skill      XL: |  1  2  3  4  5  6  7  8  9 10 11 12 13 14 15 16 17 18 19 |
---------------+----------------------------------------------------------+-----
Fighting       | 3 4 6 7 9 11 | 11.8
Dodging        | 3 4 5 7 |  7.1
Ranged Weapons | 5 6 7 8 9 12 14 16 17 18 | 18.0
Armour         | 3 5 6 7 8 9 10 11 13 22 | 22.0
Long Blades    | 2 6 10 12 14 17 | 17.3
Invocations    | 2 5 7 8 9 10 11 12 | 12.0
Evocations     | 2 5 7 |  7.0
Stealth        | |  0.8

Action                   |  1- 3 |  4- 6 |  7- 9 | 10-12 | 13-15 | 16-18 | 19-21 || total
-------------------------+-------+-------+-------+-------+-------+-------+-------++-------
Melee: Sling             |       |       |       |     2 |       |       |       ||     2
       Scimitar          |       |       |       |     6 |       |       |       ||     6
       Great sword       |       |       |       |     5 |    34 |   118 |     4 ||   161
       Headbutt          |       |       |       |     4 |    12 |    29 |     2 ||    47
       Punch             |       |       |       |     1 |       |       |       ||     1
       Long sword        |       |       |       |       |    14 |       |       ||    14
 Fire: Shortbow          |    59 |       |       |       |       |       |       ||    59
       Sling             |    28 |   147 |   244 |   405 |       |       |       ||   824
       Arbalest          |       |       |       |   238 |   556 |   622 |   199 ||  1615
Throw: Javelin           |       |       |       |       |       |     2 |       ||     2
Invok: Heroism           |       |       |       |     3 |     1 |     3 |     3 ||    10
       Finesse           |       |       |       |     2 |     1 |     3 |     3 ||     9
Evoke: Wand              |       |       |     1 |       |       |       |       ||     1
  Use: Scroll            |       |       |    16 |     9 |     4 |     6 |     1 ||    36
       Potion            |       |       |     4 |     2 |     2 |     5 |     1 ||    14
 Stab: Invisible         |       |       |       |       |       |       |     3 ||     3
Armor: Leather armour    |     8 |     1 |    17 |    16 |       |       |       ||    42
       Swamp dragon scal |       |       |       |    74 |   122 |    77 |    77 ||   350
       Scale mail        |       |       |       |       |    24 |   180 |       ||   204
Dodge: Dodged            |    23 |    14 |    43 |   164 |   195 |   362 |   115 ||   916
Block: Other             |       |     4 |    17 |    56 |    67 |    95 |    33 ||   272
       Reflection        |       |       |     1 |     1 |     3 |     4 |     2 ||    11

Table legend: (Time is in decaauts)
 A = Elapsed time spent in this place.
 B = Non-inter-level travel time spent in this place.
 C = Inter-level travel time spent in this place.
 D = Time resting spent in this place.
 E = Time spent auto-exploring this place.
 F = Levels seen in this place.
 G = Mean time per level.
                   A        B        C        D        E       F      G
               +--------+--------+--------+--------+--------+-----+--------+
         Total |  30869 |  29319 |   1550 |   6736 |  17270 |  28 | 1102.5 |
       Dungeon |  16198 |  15386 |    812 |   2835 |  10066 |  15 | 1079.9 |
          Lair |   8492 |   7995 |    497 |   1718 |   4801 |   6 | 1415.3 |
         Swamp |   2376 |   2241 |    135 |    801 |   1071 |   3 |  792.0 |
  Orcish Mines |   1589 |   1484 |    105 |    308 |    905 |   2 |  794.5 |
      Ice Cave |   1035 |   1035 |      0 |    372 |    427 |   1 | 1035.0 |
      Gauntlet |   1177 |   1177 |      0 |    701 |      0 |   1 | 1177.0 |
               +--------+--------+--------+--------+--------+-----+--------+

Top non-repeatable levels by time:
    D:14: 2578 daAuts
  Lair:6: 2014 daAuts
  Lair:3: 1870 daAuts
 Swamp:1: 1440 daAuts
    D:12: 1372 daAuts
  Lair:2: 1367 daAuts
    D:15: 1340 daAuts
    D:13: 1298 daAuts
     D:7: 1288 daAuts
  Lair:4: 1283 daAuts
  Lair:1: 1239 daAuts
Gauntlet: 1177 daAuts
     D:4: 1135 daAuts
   Orc:2: 1104 daAuts
     D:8: 1082 daAuts
